Cogmind - Beta 13 @@@ ROGUE MODE // 2024.04.05 @ 18:43:40 Player: DeNiCoN Result: Destroyed by G-47 Trooper with Particle Gun Performance ------------- Evolutions (2) 1000 Regions Visited (4) 800 Robots Destroyed (32) 160 Value Destroyed (1042) 1042 Prototype IDs (1) 20 Alien Tech Used (0) 0 Bonus (200) 200 TOTAL SCORE: 3222 Bonus ------- Pacifist 200 Cogmind --------- Core Integrity 0/550 Matter 272/300 Energy 53/100 System Corruption 2% Temperature Hot (255) Movement Walking (190) Ox1 Location -8/Materials Parts ------- > --- POWER (1) -------- (None) > --- PROPULSION (4) --- Aluminum Leg > --- UTILITY (3) ------ Small Storage Unit Improved Signal Interpreter Medium Armor Plating > --- WEAPON (3) ------- Particle Gun Particle Gun Hammer > --- INVENTORY (8) ---- Large Battery (200) Improved Sensor Array Terrain Scan Processor Advanced Targeting Computer Peak State ------------ > --- POWER ------------ Deuterium Engine > --- PROPULSION ------- Aluminum Leg Aluminum Leg Aluminum Leg Titanium Leg > --- UTILITY ---------- Small Storage Unit Improved Signal Interpreter Recoil Stabilizer > --- WEAPON ----------- Heavy EM Shotgun Grenade Launcher Flail > --- INVENTORY -------- Large Battery Improved Sensor Array Terrain Scan Processor Advanced Targeting Computer Medium Armor Plating [Rating: 24] Favorites ----------- Power Light Ion Engine Engine Light Ion Engine Propulsion Aluminum Leg Leg Aluminum Leg Utility Small Storage Unit Device Recoil Stabilizer Storage Small Storage Unit Processor Improved Signal Interpreter Protection Medium Armor Plating Weapon Flail Energy Gun Heavy EM Shotgun Energy Cannon Heavy Particle Cannon Ballistic Gun Assault Rifle Launcher Grenade Launcher Special Weapon Mining Laser Impact Weapon Flail Build | -11 -10 -10 -9 -8 ------- Run | Yrd Mat Min Mat Mat Slots Evolved 4 | . . . 2 2 Power . | . . . . . Propulsion 2 | . . . 2 . Utility 1 | . . . . 1 Weapon 1 | . . . . 1 Parts Attached 42 | 6 . . 5 31 Power 3 | 1 . . . 2 Engine 3 | 1 . . . 2 Core . | . . . . . Reactor . | . . . . . Propulsion 11 | 2 . . 1 8 Treads . | . . . . . Leg 11 | 2 . . 1 8 Wheel . | . . . . . Hover . | . . . . . Flight . | . . . . . Utility 9 | 1 . . 1 7 Device 3 | . . . . 3 Storage 2 | 1 . . 1 . Processor 1 | . . . . 1 Hackware . | . . . . . Protection 3 | . . . . 3 Artifact . | . . . . . Weapon 19 | 2 . . 3 14 Energy Gun 4 | 1 . . . 3 Energy Cannon 1 | . . . . 1 Ballistic Gun 4 | 1 . . . 3 Ballistic Cannon . | . . . . . Launcher 4 | . . . . 4 Special Weapon 2 | . . . 2 . Impact Weapon 4 | . . . 1 3 Slashing Weapon . | . . . . . Piercing Weapon . | . . . . . Special Melee Weapon . | . . . . . Unidentified Prototypes 1 | . . . . 1 Parts Lost 20 | . . . 2 18 Power 3 | . . . . 3 Propulsion 10 | . . . 1 9 Utility 2 | . . . . 2 Weapon 5 | . . . 1 4 Highest Loss Streak 11 | . . . 1 11 To Critical Strikes . | . . . . . Average Slot Usage (%) 76 | . 85 85 80 74 Engine 8 | . 14 14 11 6 Leg 24 | . 28 28 29 22 Device 4 | . . . . 6 Storage 11 | . 14 14 18 9 Processor 4 | . . . . 6 Protection 2 | . . . . 2 Energy Gun 6 | . 14 14 7 4 Energy Cannon 1 | . . . . 2 Ballistic Gun 5 | . 14 14 3 3 Launcher 1 | . . . . 2 Special Weapon 1 | . . . 7 . Impact Weapon 5 | . . . 3 7 Naked Turns . | . . . . . Heaviest Build 27 | 11 11 11 14 27 Greatest Support 47 | 20 20 20 30 47 Greatest Overweight (x) 5 | . . . . 5 Average Overweight (x) . | . . . . . Largest Inventory Capacity 8 | 8 8 8 8 8 Average Capacity 7 | 6 8 8 8 8 Most Carried 8 | 5 4 7 8 8 Average Carried 6 | 2 2 6 6 7 Final Capacity 8 | 8 8 8 8 8 Final Carried 8 | 2 4 7 8 4 Class Distribution -------------------- 71% | Mutant 17% | Scavenger-Mutant 11% | Scavenger-Gunner Dominant Class ---------------- Mutant | -10/Materials Mutant | -10/Mines Mutant | -9/Materials Mutant | -8/Materials Resources | -11 -10 -10 -9 -8 ----------- Run | Yrd Mat Min Mat Mat Matter Collected 725 | 234 . 26 . 465 Remotely . | . . . . . Salvage Created 935 | . . . 16 919 Parts 49 | . . . . 49 Haulers Intercepted . | . . . . . Recyclers Shooed . | . . . . . Parts Field Recycled . | . . . . . Retrieved Matter . | . . . . . Parts Self-Destructed . | . . . . . Prevented . | . . . . . Kills | -11 -10 -10 -9 -8 ------- Run | Yrd Mat Min Mat Mat Combat Hostiles Destroyed 23 | . . . 2 21 Melee 1 | . . . . 1 Guns 5 | . . . . 5 Cannons 5 | . . . 1 4 AOE 9 | . . . . 9 Classes Destroyed 8 | . . . 1 7 Worker 3 | . . . . 3 Builder 2 | . . . . 2 Tunneler 1 | . . . . 1 Watcher 3 | . . . . 3 Swarmer 4 | . . . . 4 Grunt 14 | . . . . 14 Brawler 1 | . . . . 1 Sentry 4 | . . . 2 2 Best Kill Streak 9 | . . . 1 9 Combat Bots Only 5 | . . . 1 5 Max Kills in Single Turn 4 | . . . 1 4 Gunslinging . | . . . . . Exploded 2 | . . . . 2 Melee 1 | . . . . 1 Uniques/NPCs Destroyed . | . . . . . Combat | -11 -10 -10 -9 -8 -------- Run | Yrd Mat Min Mat Mat Hostile Shots Fired 224 | . . . 37 187 Missed 56 | . . . 9 47 Damage Taken 2641 | . . . 413 2228 Core 663 | . . . 105 558 Absorbed by Shields . | . . . . . Core Remaining (%) 91 | 100 . 100 73 . Volleys Fired 63 | . . . 12 51 Largest 3 | . . . 2 3 Hottest 140 | . . . 140 130 Shots Fired 111 | . . . 18 93 Gun 61 | . . . 8 53 Cannon 27 | . . . . 27 Launcher 13 | . . . . 13 Special 10 | . . . 10 . Kinetic 27 | . . . . 27 Thermal 53 | . . . 18 35 Explosive 13 | . . . . 13 Electromagnetic 18 | . . . . 18 Robot Hit Streak 9 | . . . 9 6 Robot Miss Streak 4 | . . . 2 4 Penetration Max . | . . . . . Secondary Targets . | . . . . . Shots Hit Robots 78 | . . . 13 65 Core Hits 58 | . . . 2 56 Critical Kills . | . . . . . Critical Parts Destroyed 3 | . . . . 3 Critical Strikes 3 | . . . . 3 Smash 3 | . . . . 3 Melee Attacks 14 | . . . . 14 Impact 14 | . . . . 14 Slashing . | . . . . . Piercing . | . . . . . Sneak Attacks 2 | . . . . 2 Combat Hostiles . | . . . . . Follow-up Attacks 1 | . . . . 1 Damage Inflicted 2675 | . . . 235 2440 Guns 647 | . . . 67 580 Cannons 325 | . . . . 325 Explosions 1168 | . . . . 1168 Melee 367 | . . . . 367 Ramming . | . . . . . Kinetic 226 | . . . . 226 Thermal 859 | . . . 235 624 Explosive 946 | . . . . 946 Electromagnetic 277 | . . . . 277 Impact 367 | . . . . 367 Slashing . | . . . . . Piercing . | . . . . . Highest Corruption 2 | . . . . 2 Average Corruption 2 | . . . . 2 Corruption Purged . | . . . . . Corruption Blocked . | . . . . . Effects 8 | . . . . 8 Message Errors 1 | . . . . 1 Matter Fused 1 | . . . . 1 Heat Flow Errors 1 | . . . . 1 Parts Rejected 1 | . . . . 1 Data Loss (minor) 3 | . . . . 3 Misfires 1 | . . . . 1 Overload Shots . | . . . . . Overflow Damage 170 | . . . . 170 Projectiles 8 | . . . . 8 Explosions 9 | . . . . 9 Melee 153 | . . . . 153 Knockbacks 1 | . . . . 1 Impact 1 | . . . . 1 Kinetic . | . . . . . Secondary . | . . . . . Self-Inflicted Damage 143 | . . . . 143 Shots 5 | . . . . 5 Rammed . | . . . . . Targets Rammed . | . . . . . Kicked . | . . . . . Crushed . | . . . . . Highest Temperature 228 | . . . 182 228 Average Temperature 73 | . . . 59 77 Received Heat Transfer 1230 | . . . 159 1071 Siege Activations . | . . . . . Robots Corrupted 1 | . . . . 1 Combat Hostiles 1 | . . . . 1 Parts Fried 6 | . . . . 6 Impact Corruptions 7 | . . . . 7 Robots Melted 1 | . . . 1 . Combat Hostiles 1 | . . . 1 . Parts Melted 2 | . . . 2 . Heat Transferred 1416 | . . . 500 916 Parts Sabotaged . | . . . . . Parts Stolen . | . . . . . Parts Stripped . | . . . . . Power Chain Reactions 2 | . . . . 2 Alert | -11 -10 -10 -9 -8 ------- Run | Yrd Mat Min Mat Mat Peak Influence 363 | . . . 98 363 Initial 40 | . . . . 40 Average 98 | . . . 34 139 Maximum Alert Level 1 | . . . . 1 Low Security (%) 84 | 100 100 100 100 75 Level 1 15 | . . . . 24 Level 2 . | . . . . . Level 3 . | . . . . . Level 4 . | . . . . . Level 5 . | . . . . . High Security . | . . . . . Max Security . | . . . . . Squads Dispatched 4 | . . . 1 3 Investigation 1 | . . . . 1 Extermination . | . . . . . Reinforcement 3 | . . . 1 2 Assault . | . . . . . Garrison . | . . . . . Intercept . | . . . . . Searches Triggered . | . . . . . Construction Impeded . | . . . . . Haulers Reinforced . | . . . . . Active Scanning Responses . | . . . . . Cargo Convoy Interrupts . | . . . . . Stealth | -11 -10 -10 -9 -8 --------- Run | Yrd Mat Min Mat Mat Distress Signals 3 | . . . . 3 Communications Jammed . | . . . . . Distress Signals . | . . . . . Times Spotted 36 | . . . 5 31 Peak Tracking Total 6 | . . . 3 6 Tactical Retreats 3 | . . . 1 2 Traps | -11 -10 -10 -9 -8 ------- Run | Yrd Mat Min Mat Mat Traps Triggered 1 | . . . . 1 Indirectly . | . . . . . Trap Hack Attempts . | . . . . . Triggered . | . . . . . Disarmed . | . . . . . Reprogrammed . | . . . . . Reused . | . . . . . Traps Extracted . | . . . . . Installed . | . . . . . Triggered . | . . . . . Machines | -11 -10 -10 -9 -8 ---------- Run | Yrd Mat Min Mat Mat Machines Disabled 3 | . . . . 3 Max in Single Turn 1 | . . . . 1 Machines Repaired . | . . . . . Machines Dismantled . | . . . . . Machines Sabotaged . | . . . . . Overloaded Fab Kills . | . . . . . Hacking | -11 -10 -10 -9 -8 --------- Run | Yrd Mat Min Mat Mat Machines Accessed 4 | . . . 1 3 Terminals 4 | . . . 1 3 Fabricators . | . . . . . Repair Stations . | . . . . . Recycling Units . | . . . . . Scanalyzers . | . . . . . Garrison Access . | . . . . . Total Hacks 10 | . . . 1 9 Successful 3 | . . . 1 2 Failed 7 | . . . . 7 Catastrophic 3 | . . . . 3 Database Lockouts . | . . . . . Manual . | . . . . . Terminals 10 | . . . 1 9 Fabricators . | . . . . . Repair Stations . | . . . . . Recycling Units . | . . . . . Scanalyzers . | . . . . . Garrison Access . | . . . . . Terminal Hacks 3 | . . . 1 2 Emergency Access Points 1 | . . . 1 . Unreport Threat 1 | . . . . 1 Recall Reinforcements 1 | . . . . 1 Fabricator Hacks . | . . . . . Repair Station Hacks . | . . . . . Recycling Unit Hacks . | . . . . . Scanalyzer . | . . . . . Garrison Access Hacks . | . . . . . Unauthorized Hacks . | . . . . . Terminals . | . . . . . Fabricators . | . . . . . Repair Stations . | . . . . . Recycling Units . | . . . . . Scanalyzers . | . . . . . Garrison Access . | . . . . . Data Cores Recovered . | . . . . . Used . | . . . . . Hacking Detections 3 | . . . . 3 Full Trace Events 1 | . . . . 1 Feedback Events . | . . . . . Feedback Blocked . | . . . . . Robot Schematics Acquired . | . . . . . Robots Built . | . . . . . Authchips . | . . . . . Time . | . . . . . Total Robot Build Rating . | . . . . . Part Schematics Acquired . | . . . . . Parts Built . | . . . . . Authchips . | . . . . . Time . | . . . . . Total Part Build Rating . | . . . . . Parts Repaired . | . . . . . Time . | . . . . . Parts Recycled . | . . . . . Recycled Matter . | . . . . . Retrieved Matter . | . . . . . Retrieved Components . | . . . . . Parts Scanalyzed . | . . . . . Part Schematics Acquired . | . . . . . Parts Damaged . | . . . . . Bothacking | -11 -10 -10 -9 -8 ------------ Run | Yrd Mat Min Mat Mat Used RIF Installer . | . . . . . Robots Hacked . | . . . . . Non-combat . | . . . . . Combat . | . . . . . Robot Hacks Applied . | . . . . . Relay Couplers Released . | . . . . . Fabnet Peak Effective % . | . . . . . Robots Rewired . | . . . . . Allies Hacked . | . . . . . Hacks Repelled . | . . . . . Allies | -11 -10 -10 -9 -8 -------- Run | Yrd Mat Min Mat Mat Total Allies 2 | . . 2 . . Largest Group 2 | . . 2 2 . Highest-Rated Group 46 | . . 46 46 . Highest-Rated Ally 31 | . . 31 31 . Total Orders . | . . . . . Ally Attacks 5 | . . . 5 . Total Damage 106 | . . . 106 . Kills . | . . . . . Allies Corrupted . | . . . . . Allies Melted . | . . . . . Intel | -11 -10 -10 -9 -8 ------- Run | Yrd Mat Min Mat Mat Robot Analysis Total . | . . . . . Derelict Logs Recovered 1 | . . 1 . . Drone Launches . | . . . . . Drone Recoveries . | . . . . . Exploration | -11 -10 -10 -9 -8 ------------- Run | Yrd Mat Min Mat Mat Turns Passed 1339 | 56 40 108 252 883 Spaces Moved 760 | 50 32 85 143 450 Core 41 | 23 . . . 18 Treads . | . . . . . Legs 719 | 27 32 85 143 432 Wheels . | . . . . . Hover . | . . . . . Flight . | . . . . . Fastest Speed 50 | 50 120 120 120 120 Average Speed 132 | 87 120 120 120 144 Slowest Speed 300 | 120 120 120 120 300 Overloaded Moves . | . . . . . Propulsion Burnouts . | . . . . . Robots Hopped . | . . . . . Cave-ins Triggered . | . . . . . Exploration Rate (%) 17 | 3 9 22 16 36 Regions Visited 4 Branch Regions 1 Pre-discovered Areas . | . . . . . Known Exits Taken 1 | . . . 1 . Unknown Exits Taken 3 | 1 1 1 . . Scrap Searched 2 | . . 2 . . Spaces Dug . | . . . . . Terrain Destroyed 75 | . . . 1 74 Melee . | . . . . . Projectile 12 | . . . 1 11 AOE 63 | . . . . 63 Terrain Rammed . | . . . . . Walls Destroyed . | . . . . . Machines Disabled . | . . . . . Actions | -11 -10 -10 -9 -8 --------- Run | Yrd Mat Min Mat Mat Total 938 | 61 33 91 184 569 Wait 25 | . . 4 21 . Move 756 | 49 31 84 142 450 Hop . | . . . . . Pick Up 32 | 6 2 3 4 17 Fast Attach 6 | 2 . . . 4 Attach 23 | 4 . . 3 16 Detach . | . . . . . Swap 13 | . . . 2 11 Drop 7 | . . . . 7 Fire 63 | . . . 12 51 Melee 13 | . . . . 13 Ram . | . . . . . Kick . | . . . . . Crush . | . . . . . Escape Stasis . | . . . . . Rewire . | . . . . . Trap . | . . . . . Miscellaneous . | . . . . . Route ------- -11/Scrapyard -10/Materials -10/Mines -9/Materials (discovered 2 exits: *Mat x2) -8/Materials History --------- Turn | Location | Event 13 | -11/Scrapyard | Discovered new exit (range 15) 57 | -11/Scrapyard | Entered Materials 66 | -10/Materials | Discovered new exit (range 15) 97 | -10/Materials | Entered Mines 154 | -10/Mines | Discovered new exit (range 9) 178 | -10/Mines | Learned location of 1 exit from Materials 205 | -10/Mines | Entered Materials 205 | -9/Materials | Accompanied by 2 allies 205 | -9/Materials | Evolved 2 slots: Propulsion x2 206 | -9/Materials | Identified exit to Materials 210 | -9/Materials | Led the pair of lost Derelicts to an unsafe place 324 | -9/Materials | Build established: Mutant 439 | -9/Materials | Discovered exit to Materials (range 15) 457 | -9/Materials | Entered another Materials area 457 | -8/Materials | Evolved 2 slots: Utility x1, Weapon x1 630 | -8/Materials | Lost 3 parts (2n1u) 1138 | -8/Materials | Core integrity fell below 50% 1192 | -8/Materials | Lost 11 parts (2p6n1u2w) 1320 | -8/Materials | Core integrity fell below 20% 1340 | -8/Materials | Destroyed by G-47 Trooper with Particle Gun Last Messages --------------- U-05 Engineer lays Concrete. K-01 Serf collects debris. U-05 Engineer lays Concrete. Acquired Aluminum Leg. U-05 Engineer lays Concrete. Acquired Particle Gun. Acquired 18 matter. Acquired Particle Gun. Acquired 2 matter. K-01 Serf collects debris. System corrupted: Component data lost. System corrupted: Matter fused (-8). Connecting with Terminal... K-01 Serf cleans the Neutrino Reactor. Connecting with Terminal... >>Recall(Reinforcements) Establishing remote squad link... No tasked reinforcement squads found. K-01 Serf cleans the Neutrino Reactor. Critical hit (Burn: +37). Map ----- +----------------------------------------------------+ | | | | | | | | | ?????????????????????????????????????????????????? | | ?????????????????????????????????????????????????? | | ?????????????????????????????????????????????????? | | ?????????????????????????????????????????????????? | | ?????????????????????????????????????????????????? | | ?????????????????????????????????????????????????? | | ?????????????????????????????????????????????????? | | ?????????????????????????????????????????????????? | | ?????????????????????????????????????????????????? | | ?????????????????????????????????????????????????? | | ?????????????????????????????????????????????????? | | ?????????????????????????????????????????????????? | | ?????????????????????????????????????????????????? | | ????????????????????????########?????????????????? | | ????????????????????????# #?????????????????? | | ????????????????????????# #?????????????????? | | ????????????????????????# #?????????????????? | | ???????????????????# ???# #?????????????????? | | ???????????????????# ??# "T" #?????????????????? | | ???????????????????# ?# #?????????????????? | | ?????????????####### ###+#####?????????????????? | | ?????????? l@ #????????###+####### | | ?????????? g g #????????# ##### | | ?????????? ########## % | | ???????????## #####+####k # "T" + | | ?????????????????????????# # ### | | ?????????????????????????# # #?# ##### | | ?????????????????????????# + #?## ###### | | ?????????????????????????# # #??# #????# | | ?????????????????????????# # #??# #????# | | ?????????????????????????# ########### #????# | | ?????????????????????????# #????# | | ?????????????????????????#^ ^ ###??# | | ?????????????????????????# """ "" "" ""#??# | | ?????????????????????????# """ """^ ""#??# | | ?????????????????????????# """ """^ " T"#??# | | ?????????????????????????# " " ""#??# | | ?????????????????????????# " ""#??# | | ?????????????????????????# ###??? | | ?????????????????????????# % ##???? | | ?????????????????????????# ### #????? | | ?????????????????????????# # ##+####### | | ?????????????????????????# # ! | | ?????????????????????????##########% # """ | | ?????????????????????????????????##!% #/ """"" | | ?????????????????????????????????## %# """"" | +----------------------------------------------------+ Best States ------------- Heat Dissipation 31 Energy Generation 14 Energy Capacity 325 Matter Stores 300 Matter Capacity 300 Sight Range 16 Robot Scan Range 15 Terrain Scan Density 10 ECM Strength 1 Armor Coverage 225 Evasion (%) 55 Recoil Reduction 4 Item Schematics ----------------- None Robot Schematics ------------------ None Fabricated ------------ Nothing Alien Tech Used ----------------- None Achievements -------------- I Spy Let's See Who's Tougher Challenges ------------ None Game ------ Seed StasisThermalNeutralizer Manual? 0 Play Time 00:19:58 Cumulative 7.7 hours Start 2024.04.05 @ 18:25:58 End 2024.04.05 @ 18:43:40 Sessions 1 Manual Loads 0 Difficulty Rogue Special Mode None Game No. 10 Rogue 10 Adventurer 0 Explorer 0 Win Type - Total 0 Types 0/0/0/0/0/0/0/0/0 Lore% 17 Gallery% 11 Achievement% 12 Wizard Run 0 Options --------- Layout 1 ASCII 0 Keyboard 0 Movement Mouse Keybinds 0 Fullscreen 1 Font 24/Smallcaps Map View 50x35 Zoom Use 0% Tactical HUD 0 Map Filters NONE Filters NONE Steam 1 RUN: e0f1ba59-c69c-4a1a-82b9-3f11f645eb20